 Dungeon Crawl Stone Soup version 0.26.1-11-gd32895ea62 (webtiles) character file.

Game seed: 15249898287572667872

425 ew1980 the Sneak (level 6, -4/57 HPs)
             Began as a Deep Dwarf Delver on Apr 28, 2021.
             Was an Initiate of Makhleb.
             Slain by an ogre
             ... wielding a +0 giant spiked club
              (8 damage)
             ... on level 6 of the Dungeon.
             The game lasted 00:12:55 (4277 turns).

ew1980 the Sneak (Deep Dwarf Delver)                Turns: 4277, Time: 00:12:56

Health: -4/57      AC: 14    Str: 17    XL:     6   Next: 64%
Magic:  7/7        EV:  6    Int: 11    God:    Makhleb [......]
Gold:   287        SH:  4    Dex: 14    Spells: 5/5 levels left

rFire    . . .     SeeInvis .   n - +1 war axe
rCold    + . .     Faith    .   z - +0 buckler
rNeg     . . .     Spirit   .   q - +1 plate armour
rPois    +         Reflect  .   (no helmet)
rElec    .         Harm     .   (no cloak)
rCorr    .         Rampage  .   o - +0 pair of gloves
Will     .....                  m - +0 pair of boots
Stlth    ..........             (no amulet)
HPRegen  0.00/turn              y - ring of poison resistance
MPRegen  0.10/turn              s - ring of protection from cold

@: non-regenerating
A: damage resistance, heal wounds, sense surroundings 1, no regeneration
a: Heal Wounds, Renounce Religion


You were on level 6 of the Dungeon.
You worshipped Makhleb.
Makhleb was noncommittal.
You visited 2 branches of the dungeon, and saw 7 of its levels.

You collected 287 gold pieces.

Inventory:

Hand Weapons
 n - a +1 war axe (weapon)
Missiles
 k - 10 boomerangs (quivered)
Armour
 m - a +0 pair of boots (worn)
 o - a +0 pair of gloves (worn)
 q - a +1 plate armour (worn)
 z - a +0 buckler (worn)
Jewellery
 h - an uncursed ring of see invisible
 s - a ring of protection from cold (right hand)
 y - a ring of poison resistance (left hand)
Wands
 g - a wand of digging (3)
 l - a wand of enslavement (7)
 w - a wand of flame (15)
Scrolls
 c - 4 scrolls of fog
 d - a scroll of magic mapping
 e - a scroll of fear
 i - a scroll of teleportation
 p - 3 scrolls of remove curse
 v - a scroll of enchant armour
Potions
 a - a potion of berserk rage
 f - a potion of haste
 r - 2 potions of curing
 u - 2 potions of brilliance
 A - a potion of flight
 C - a potion of attraction {unknown}
 E - a potion of heal wounds {unknown}


   Skills:
 + Level 3.9 Fighting
 + Level 4.0 Axes
 + Level 3.2 Armour
 - Level 3.5 Dodging
 - Level 6.5 Stealth
 + Level 1.5 Shields
 + Level 2.0 Invocations


You had 5 spell levels left.
You didn't know any spells.
Your spell library was empty.

Dungeon Overview and Level Annotations

Branches:
Dungeon (6/15)             Temple (1/1) D:4

Altars:
Dithmenos
Elyvilon
Fedhas
Gozag
Hepliaklqana
Makhleb
Qazlal
Sif Muna
Trog
Vehumet
Wu Jian
Yredelemnul
Zin

Annotations:
D:3 Grinder
D:4 2 transporters


Innate Abilities, Weirdness & Mutations

You are resistant to damage.
You can heal yourself by infusing magical energy.
You passively map a small area around you.
You do not regenerate.


Message History

Found a stone staircase leading up.
An ogre comes into view. It is wielding a +0 giant spiked club.
The ogre shouts!
Throw: 10 boomerangs
Press: ? - help, Q - select action, (/) - cycle Shift-Dir - straight line, f - ogre
Aim: an ogre, wielding a +0 giant spiked club (72% to hit)
You throw a boomerang. The boomerang hits the ogre.
The ogre is lightly wounded.
You barely miss the ogre.
The ogre is lightly wounded.
The ogre hits you with a +0 giant spiked club!
* * * LOW HITPOINT WARNING * * *
You slash the ogre!
The ogre is heavily wounded.
The ogre hits you with a +0 giant spiked club!
* * * LOW HITPOINT WARNING * * *
You slash the ogre!
The ogre is almost dead.
The ogre hits you with a +0 giant spiked club!
You die...

* , ,#.#####*#.# * ,
#.# #.# * #####.# #.#
, * #.....# #.# ,
#.###########.#####.#
#.#..................
#.#.#...#####.#####.#
* #.#.#.#.###.#.# * *
#.#...#...#..@# ,
#.#######†#...O.....⌠
#.........###########*
###########


You could see an ogre.

Vanquished Creatures
  A bullfrog (D:6)
  A crimson imp (D:4)
  A jelly (D:5)
  2 orc wizards
  2 worker ants (D:4)
  A howler monkey skeleton (D:4)
  6 adders
  2 white imps
  An ooze (D:2)
  3 worms
  3 dart slugs
  2 leopard geckos (D:2)
  6 orcs
  7 bats
  14 giant cockroaches
  6 hobgoblins
  3 jackals (D:1)
  2 quokkas
  A ball python (D:1)
  5 frilled lizards
  6 goblins
  10 kobolds
  A quokka zombie (D:5)
  12 rats
98 creatures vanquished.

Vanquished Creatures (others)
  12 plants (D:1)
  3 toadstools (D:1)
15 creatures vanquished.

Grand Total: 113 creatures vanquished

Notes
Turn   | Place    | Note
-------+----------+-------------------------------------------
     0 | D:5      | ew1980 the Deep Dwarf Delver began the quest for the Orb.
     0 | D:5      | Reached XP level 1. HP: 20/20 MP: 1/1
   190 | D:4      | Found a transporter.
   205 | D:4      | Reached XP level 2. HP: 16/27 MP: 2/2
   313 | D:4      | Found a stormy altar of Qazlal.
   314 | D:4      | Noticed a gnoll sergeant
   376 | D:4      | Found a radiant altar of Vehumet.
   468 | D:4      | Found a transporter.
   544 | D:3      | Reached skill level 1 in Armour
   612 | D:3      | Reached XP level 3. HP: 17/33 MP: 3/3
   824 | D:1      | Reached XP level 4. HP: 23/42 MP: 4/4
  2001 | D:2      | Found a basalt altar of Yredelemnul.
  2361 | D:3      | Reached XP level 5. HP: 16/49 MP: 5/5
  2507 | D:3      | Noticed Grinder
  2731 | D:4      | Found a staircase to the Ecumenical Temple.
  2779 | Temple   | Entered the Ecumenical Temple
  2966 | Temple   | Became a worshipper of Makhleb the Destroyer
  3012 | D:4      | Found a bloodstained altar of Trog.
  3280 | D:4      | Reached XP level 6. HP: 20/57 MP: 6/6
  3322 | D:4      | Reached skill level 1 in Invocations
  3503 | D:5      | Reached skill level 1 in Shields
  4277 | D:6      | Slain by an ogre

Illustrated notes

Levels and vault maps discovered:
D:1:      heliophobic_arrival_battle_scene, layout_rooms,
          minmay_gold_behind_fungi, serial_bayou_lagoon_a, minivault_14,
          st_stairs_12, hex_tiny
D:2:      layout_basic, marbit_many_paths
D:3:      minmay_roachtagon, layout_loops_ring, uniq_grinder
D:4:      layout_rooms, lemuel_doored_altar, gammafunk_temple_overflow_arena,
          vehumet_crystals, minmay_temple_entry_antechambers,
          serial_bayou_pond_c, minmay_fire_ice_demons
D:5:      layout_loops_ring
D:6:      layout_basic, nicolae_tso_carved_into_rock, dancing_weapons_uskayaw,
          serial_shops, shop_fountains
Temple:   compressed_dpeg_triangle_lava_temple

Skill      XL: |  1  2  3  4  5  6 |
---------------+-------------------+-----
Armour         | 1 2 3 |  3.2
Fighting       | 3 |  3.9
Axes           | 3 4 |  4.0
Dodging        | 3 |  3.5
Invocations    | 2 |  2.0
Shields        | 1 |  1.5
Stealth        | |  6.5

Action                   |  1- 3 |  4- 6 || total
-------------------------+-------+-------++-------
Melee: Hand axe          |    57 |       ||    57
       War axe           |    77 |   324 ||   401
Throw: Boomerang         |       |     2 ||     2
 Abil: Heal Wounds       |     1 |     2 ||     3
  Use: Scroll            |       |    12 ||    12
       Potion            |       |     1 ||     1
 Stab: Sleeping          |     2 |       ||     2
Armor: Leather armour    |    26 |       ||    26
       Plate armour      |    60 |   294 ||   354
Dodge: Dodged            |    71 |    99 ||   170
Block: Buckler           |       |    19 ||    19
